[Event "ICC tourney 2359 (30 5)"]
[Site "Internet Chess Club"]
[Date "2021.01.31"]
[Round "1"]
[White "ZionSimmons"]
[Black "BJSARO"]
[Result "0-1"]
[ICCResult "White resigns"]
[WhiteElo "952"]
[BlackElo "1298"]
[Opening "Sicilian"]
[ECO "B50"]
[NIC "SI.01"]
[Time "10:01:46"]
[PlyCount "70"]
[TimeControl "1800+5"]

1. e4 c5 2. Nf3 d6 3. Bc4 e6 4. Nc3 Nf6 5. d3 Be7 6. O-O O-O 7. Be3 a6 8.
a4 d5 9. e5 Ne8 10. Bb3 d4 11. Qd2 Nc6 12. Bg5 Bxg5 13. Qxg5 Qxg5 14. Nxg5
dxc3 15. bxc3 Nxe5 16. Rfe1 Ng6 17. d4 cxd4 18. cxd4 Nf6 19. Rad1 Bd7 20.
d5 exd5 21. Bxd5 Nxd5 22. Rxd5 Bxa4 23. c4 Bc6 24. Rdd1 a5 25. g3 Rfe8 26.
Rf1 h6 27. Nh3 a4 28. f4 Re4 29. Rc1 a3 30. Nf2 Re2 31. h4 a2 32. h5 Ra3
33. Kh2 Nf8 34. Rcd1 Ne6 35. Kh3 Nxf4+ { White resigns } 0-1

[Event "ICC tourney 2359 (30 5)"]
[Site "Internet Chess Club"]
[Date "2021.01.31"]
[Round "1"]
[White "Zaquero"]
[Black "wteitelbaum"]
[Result "0-1"]
[ICCResult "White resigns"]
[WhiteElo "504"]
[BlackElo "998"]
[Opening "Four knights: Italian variation"]
[ECO "C47"]
[NIC "VG.04"]
[Time "10:13:06"]
[PlyCount "49"]
[TimeControl "1800+5"]

1. e4 e5 2. Nc3 Nf6 3. Nf3 Nc6 4. Bc4 Nxe4 5. Nxe4 d5 6. Bxd5 Qxd5 7. Nc3
Qd8 8. O-O Bd6 9. d3 O-O 10. Bg5 f6 11. Bh4 Bg4 12. h3 Bh5 13. Nd5 Nd4 14.
Nxd4 Bxd1 15. Raxd1 exd4 16. Rfe1 Bh2+ 17. Kxh2 Qxd5 18. Kg1 Qxa2 19. Rb1
Rfe8 20. f3 Rxe1+ 21. Rxe1 Qxb2 22. Re2 a5 23. Kh2 a4 24. g4 a3 25. Re1 {
White resigns } 0-1

[Event "ICC tourney 2359 (30 5)"]
[Site "Internet Chess Club"]
[Date "2021.01.31"]
[Round "1"]
[White "super-sabrina"]
[Black "sloanman"]
[Result "1-0"]
[ICCResult "Black checkmated"]
[WhiteElo "1272"]
[BlackElo "935"]
[Opening "Sicilian: Grand Prix attack"]
[ECO "B23"]
[NIC "SI.44"]
[Time "10:01:43"]
[PlyCount "87"]
[TimeControl "1800+5"]

1. e4 c5 2. Nc3 Nc6 3. f4 g6 4. Bc4 Bg7 5. Nf3 e6 6. O-O Nge7 7. d3 O-O 8.
Qe1 d5 9. Bb3 a6 10. a4 Nb4 11. Qg3 Qb6 12. Kh1 Qc7 13. Qh4 Re8 14. Ng5 h6
15. Nf3 c4 16. dxc4 dxc4 17. Ba2 Nxc2 18. Rb1 Qc5 19. f5 exf5 20. Bxh6 fxe4
21. Bxg7 Kxg7 22. Nxe4 Qc7 23. Nfg5 Nf5 24. Qh7+ Kf8 25. Nf6 Be6 26. Nxe6+
Rxe6 27. Qg8+ Ke7 28. Nd5+ Kd7 29. Qxf7+ Ne7 30. Nxc7 Kxc7 31. Qxe6 Nc6 32.
Rf7+ Kb6 33. Qxc4 N2b4 34. Ra1 Ka7 35. Bb1 Rb8 36. Be4 Ka8 37. Bxc6 Nxc6
38. Raf1 Ka7 39. Rf8 Rxf8 40. Rxf8 Nb8 41. Qc7 g5 42. Rf7 Nd7 43. Rxd7 a5
44. Qxb7# { Black checkmated } 1-0

[Event "ICC tourney 2359 (30 5)"]
[Site "Internet Chess Club"]
[Date "2021.01.31"]
[Round "1"]
[White "ebkatz"]
[Black "CGLion3223"]
[Result "1-0"]
[ICCResult "Black checkmated"]
[WhiteElo "1244"]
[BlackElo "922"]
[Opening "Queen's pawn, Mason variation"]
[ECO "D00"]
[NIC "QP.08"]
[Time "10:02:32"]
[PlyCount "141"]
[TimeControl "1800+5"]

1. d4 d5 2. Bf4 e6 3. e3 Nf6 4. Bd3 c5 5. c3 Nbd7 6. Nd2 b6 7. Ngf3 Bb7 8.
Ne5 Be7 9. Ndf3 c4 10. Be2 Nh5 11. Bg3 Nxg3 12. hxg3 Bf6 13. Qa4 Bc8 14.
Nc6 Qc7 15. b3 Bb7 16. Nce5 Bc8 17. bxc4 dxc4 18. Rc1 O-O 19. Qc2 h6 20.
Ng4 Bb7 21. Nxh6+ gxh6 22. Rxh6 Rfe8 23. Qh7+ Kf8 24. Ne5 Bxe5 25. dxe5
Qxe5 26. Bh5 Ke7 27. Qxf7+ Kd8 28. Qxe8+ Kc7 29. Qxe6 Qxe6 30. Rxe6 Bxg2
31. Re7 Bc6 32. Rd1 Rh8 33. Bg4 Rh1+ 34. Ke2 Rxd1 35. Kxd1 a5 36. Bxd7 Bxd7
37. g4 Kc6 38. g5 Bf5 39. Rf7 Be4 40. Rf6+ Kb5 41. g6 Bd5 42. Rd6 Bf3+ 43.
Kd2 Be4 44. g7 Bh7 45. Rh6 Bg8 46. Rh8 Bf7 47. g8=Q Bxg8 48. Rxg8 a4 49. f4
Ka5 50. f5 b5 51. f6 b4 52. cxb4+ Kxb4 53. f7 c3+ 54. Kc2 a3 55. f8=Q+ Kc4
56. Qxa3 Kd5 57. Qxc3 Ke4 58. Qd4+ Kf3 59. Qf4+ Ke2 60. Rd8 Ke1 61. Rd1+
Ke2 62. Qf1+ Kxe3 63. Qe1+ Kf4 64. Rd3 Kf5 65. Qe3 Kg4 66. Rd4+ Kf5 67.
Qe4+ Kg5 68. Rd5+ Kh6 69. Qe6+ Kh7 70. Rd7+ Kh8 71. Qe8# { Black checkmated
} 1-0

[Event "ICC tourney 2359 (30 5)"]
[Site "Internet Chess Club"]
[Date "2021.01.31"]
[Round "2"]
[White "devmadhavan"]
[Black "CLGray"]
[Result "0-1"]
[ICCResult "White checkmated"]
[WhiteElo "1197"]
[BlackElo "989"]
[Opening "French defense"]
[ECO "C01"]
[NIC "FR.01"]
[Time "12:01:13"]
[PlyCount "62"]
[TimeControl "1800+5"]

1. e4 e6 2. d4 b6 3. Nf3 Bb7 4. Bd3 Ne7 5. O-O Nec6 6. Be3 d5 7. Nc3 Bb4 8.
Re1 O-O 9. a3 Bxc3 10. bxc3 Ne7 11. c4 dxe4 12. Be2 exf3 13. Bxf3 Bxf3 14.
Qxf3 Nd7 15. Qg3 Ng6 16. d5 exd5 17. cxd5 Nf6 18. Bg5 Qxd5 19. Bxf6 gxf6
20. Qxc7 Nh4 21. Qg3+ Qg5 22. Qh3 Rae8 23. c3 Re6 24. Rxe6 fxe6 25. Qxe6+
Rf7 26. Qc8+ Kg7 27. Qh3 Re7 28. Kf1 Qe5 29. Qxh4 Qe2+ 30. Kg1 Qe1+ 31.
Rxe1 Rxe1# { White checkmated } 0-1

[Event "ICC tourney 2359 (30 5)"]
[Site "Internet Chess Club"]
[Date "2021.01.31"]
[Round "2"]
[White "DDRIZZY"]
[Black "Ben08Davis"]
[Result "1-0"]
[ICCResult "Black checkmated"]
[WhiteElo "1152"]
[BlackElo "608"]
[Opening "King's pawn game"]
[ECO "C21"]
[NIC "KP.10"]
[Time "12:01:13"]
[PlyCount "53"]
[TimeControl "1800+5"]

1. e4 e5 2. d4 f6 3. dxe5 fxe5 4. Nf3 Nc6 5. Bc4 Nf6 6. Nc3 Bb4 7. Bg5
Bxc3+ 8. bxc3 d6 9. Bb5 Bd7 10. O-O h6 11. Bxf6 Qxf6 12. Rb1 a6 13. Bc4 Qg6
14. Re1 Bh3 15. Nh4 Qg5 16. g3 b5 17. Bd5 Kd7 18. Qf3 Raf8 19. Qe2 Ne7 20.
c4 Nxd5 21. cxd5 Rf6 22. c4 bxc4 23. Qxc4 Rhf8 24. Qc6+ Ke7 25. Qxc7+ Ke8
26. Rb8+ Bc8 27. Rxc8# { Black checkmated } 1-0

[Event "ICC tourney 2359 (30 5)"]
[Site "Internet Chess Club"]
[Date "2021.01.31"]
[Round "2"]
[White "BeeGirl"]
[Black "kashkanna"]
[Result "1-0"]
[ICCResult "Black checkmated"]
[WhiteElo "948"]
[BlackElo "800"]
[Opening "Scotch game"]
[ECO "C45"]
[NIC "SO.04"]
[Time "12:00:55"]
[PlyCount "51"]
[TimeControl "1800+5"]

1. e4 e5 2. Nf3 Nc6 3. d4 exd4 4. Nxd4 Nxd4 5. Qxd4 b6 6. Bc4 Qf6 7. Qd5 c6
8. Qd1 Bc5 9. O-O Ne7 10. Nc3 O-O 11. Qe2 Qg6 12. Be3 d5 13. exd5 Bh3 14.
Qf3 Bxg2 15. Qxg2 Qxg2+ 16. Kxg2 cxd5 17. Nxd5 Nxd5 18. Bxd5 Rad8 19. Bxc5
bxc5 20. Bc6 f5 21. Rad1 Rb8 22. Rd7 Rxb2 23. Re1 h6 24. Ree7 Rc8 25. Rxg7+
Kf8 26. Rdf7# { Black checkmated } 1-0

[Event "ICC tourney 2359 (30 5)"]
[Site "Internet Chess Club"]
[Date "2021.01.31"]
[Round "2"]
[White "SabxmsMB1"]
[Black "ebkatz"]
[Result "1/2-1/2"]
[ICCResult "Game drawn by repetition"]
[WhiteElo "1094"]
[BlackElo "1244"]
[Opening "French defense"]
[ECO "C00"]
[NIC "FR.01"]
[Time "12:00:55"]
[PlyCount "55"]
[TimeControl "1800+5"]

1. e4 e6 2. Nf3 d5 3. exd5 exd5 4. d4 Nf6 5. Bd3 Be7 6. O-O O-O 7. Nc3 Bg4
8. Be2 Re8 9. h3 Bh5 10. Ne5 Bxe2 11. Qxe2 Bd6 12. Bf4 Nc6 13. Rad1 Nd7 14.
Nxd5 Ndxe5 15. Bxe5 Nxe5 16. dxe5 Rxe5 17. Qc4 h6 18. f4 Rf5 19. g4 Qh4 20.
gxf5 Qg3+ 21. Kh1 Qxh3+ 22. Kg1 Qg3+ 23. Kh1 Qh3+ 24. Kg1 Qg3+ 25. Kh1 Qh3+
26. Kg1 Qg3+ 27. Kh1 Qh3+ 28. Kg1 { Game drawn by repetition } 1/2-1/2

[Event "ICC tourney 2359 (30 5)"]
[Site "Internet Chess Club"]
[Date "2021.01.31"]
[Round "2"]
[White "rchoi2010"]
[Black "ZionSimmons"]
[Result "0-1"]
[ICCResult "White resigns"]
[WhiteElo "744"]
[BlackElo "952"]
[Opening "Pirc: classical (two knights) system"]
[ECO "A45"]
[NIC "PU.10"]
[Time "12:00:59"]
[PlyCount "68"]
[TimeControl "1800+5"]

1. d4 Nf6 2. Nc3 g6 3. Nf3 Bg7 4. e4 d6 5. Bc4 Nc6 6. O-O O-O 7. Bg5 Bg4 8.
h3 Bxf3 9. Qxf3 Nxd4 10. Qd3 c5 11. Nd5 Nxd5 12. Bxd5 Rb8 13. c3 Nc6 14.
Bxc6 bxc6 15. Rab1 d5 16. exd5 cxd5 17. b4 cxb4 18. Rxb4 Rxb4 19. cxb4 Qd6
20. Rd1 e6 21. a3 Be5 22. g3 Rc8 23. Rc1 Rxc1+ 24. Bxc1 Qc7 25. Be3 Kf8 26.
Bd4 Bxd4 27. Qxd4 Qc1+ 28. Kg2 Qxa3 29. b5 Qb3 30. Qxa7 Qxb5 31. Qd4 Qc4
32. Qd2 d4 33. Kf3 Qc3+ 34. Qxc3 dxc3 { White resigns } 0-1

[Event "ICC tourney 2359 (30 5)"]
[Site "Internet Chess Club"]
[Date "2021.01.31"]
[Round "2"]
[White "TorbenS"]
[Black "arionik10"]
[Result "1-0"]
[ICCResult "Black checkmated"]
[WhiteElo "502"]
[BlackElo "842"]
[Opening "Sicilian defense"]
[ECO "B40"]
[NIC "SI.43"]
[Time "12:00:25"]
[PlyCount "103"]
[TimeControl "1800+5"]

1. e4 c5 2. Nf3 e6 3. Bb5 a6 4. Ba4 b5 5. Bb3 c4 6. Bxc4 bxc4 7. d3 cxd3 8.
cxd3 Bb7 9. O-O Qc7 10. Nc3 Bd6 11. g3 Nf6 12. Bf4 Bxf4 13. gxf4 Qxf4 14.
Ne2 Qxf3 15. Nd4 Qf4 16. f3 Qe3+ 17. Kg2 Qxd4 18. Qc1 O-O 19. Qd1 Nc6 20.
Rc1 Ne5 21. Rc3 Qe3 22. a3 Qg5+ 23. Kf2 Qh4+ 24. Ke2 Qxh2+ 25. Ke1 Nxf3+
26. Rxf3 d5 27. Rf2 Qg3 28. d4 a5 29. Rxg3 Nxe4 30. Rb3 Nxf2 31. Kxf2 Ba6
32. Qe1 Bc4 33. Rc3 Rab8 34. Qd2 h5 35. Kg2 g6 36. b4 axb4 37. axb4 Rxb4
38. Ra3 Kg7 39. Qxb4 Rh8 40. Ra7 h4 41. Kh3 Bf1+ 42. Kh2 h3 43. Qb7 Rf8 44.
Kg1 Bg2 45. Kh2 e5 46. dxe5 d4 47. Qb2 d3 48. Qd2 Rd8 49. e6 Bf1 50. Qb2+
Kg8 51. Rxf7 d2 52. Qg7# { Black checkmated } 1-0

[Event "ICC tourney 2359 (30 5)"]
[Site "Internet Chess Club"]
[Date "2021.01.31"]
[Round "2"]
[White "EthanKurian"]
[Black "AnkleBreaker21"]
[Result "1-0"]
[ICCResult "Black checkmated"]
[WhiteElo "686"]
[BlackElo "902"]
[Opening "King's Indian: East Indian defense"]
[ECO "A48"]
[NIC "QP.06"]
[Time "12:01:05"]
[PlyCount "61"]
[TimeControl "1800+5"]

1. d4 Nf6 2. Nf3 g6 3. e3 Bg7 4. Bd3 O-O 5. O-O d6 6. Nbd2 e6 7. Re1 c5 8.
c3 cxd4 9. cxd4 Nc6 10. b3 Bd7 11. Ba3 Bc8 12. Rc1 Qd7 13. e4 b6 14. e5 Nd5
15. exd6 Bb7 16. Be4 Nc3 17. Rxc3 e5 18. dxe5 Nxe5 19. Bxb7 Qxb7 20. Nxe5
Rfe8 21. Rce3 Qd5 22. Ndf3 Qxd1 23. Rxd1 Rad8 24. d7 Re7 25. Bxe7 Rb8 26.
d8=Q+ Rxd8 27. Rxd8+ Bf8 28. Rxf8+ Kg7 29. Rxf7+ Kh6 30. Bg5+ Kh5 31. g4# {
Black checkmated } 1-0

[Event "ICC tourney 2359 (30 5)"]
[Site "Internet Chess Club"]
[Date "2021.01.31"]
[Round "2"]
[White "rassulk"]
[Black "tisernhagen1"]
[Result "0-1"]
[ICCResult "White checkmated"]
[WhiteElo "865"]
[BlackElo "1193"]
[Opening "Giuoco Piano: four knights variation"]
[ECO "C50"]
[NIC "IG.02"]
[Time "12:00:57"]
[PlyCount "116"]
[TimeControl "1800+5"]

1. e4 e5 2. Nf3 Nc6 3. Bc4 Bc5 4. Nc3 Nf6 5. Nd5 Nxe4 6. O-O O-O 7. Nc3
Nxc3 8. dxc3 d6 9. Nd2 Bf5 10. Nb3 Bb6 11. Qf3 Qf6 12. g4 Be6 13. Qxf6 gxf6
14. Bxe6 fxe6 15. Bh6 Rfe8 16. Nd2 Kf7 17. Kh1 Kg6 18. Be3 Bxe3 19. fxe3 f5
20. Rg1 Kf6 21. h4 Rg8 22. g5+ Ke7 23. h5 Rg7 24. g6 hxg6 25. Rxg6 Rxg6 26.
hxg6 Rg8 27. Rg1 Kf6 28. Nf3 Rxg6 29. Nh4 Rxg1+ 30. Kxg1 Kg5 31. Nf3+ Kg4
32. Kf2 f4 33. e4 Ne7 34. Nd2 Ng6 35. b3 d5 36. c4 c6 37. exd5 exd5 38. c5
e4 39. Nf3 exf3 40. b4 Ne5 41. a4 Nc4 42. b5 a5 43. b6 Nb2 44. Kf1 Kg3 45.
c3 f2 46. c4 Nd1 47. cxd5 Ne3+ 48. Ke2 f1=Q+ 49. Kd2 Nc4+ 50. Kc3 Qf3+ 51.
Kxc4 Qxd5+ 52. Kc3 Kf3 53. Kc2 Qd4 54. Kb1 Qd2 55. Ka1 Ke3 56. Kb1 Kd3 57.
Ka1 Kc3 58. Kb1 Qb2# { White checkmated } 0-1

[Event "ICC tourney 2359 (30 5)"]
[Site "Internet Chess Club"]
[Date "2021.01.31"]
[Round "2"]
[White "Naoto"]
[Black "CharlesWilliam"]
[Result "0-1"]
[ICCResult "White checkmated"]
[WhiteElo "527"]
[BlackElo "857"]
[Opening "Pirc: classical (two knights) system"]
[ECO "B08"]
[NIC "QO.17"]
[Time "12:00:36"]
[PlyCount "70"]
[TimeControl "1800+5"]

1. d4 d6 2. e4 g6 3. Nf3 Nf6 4. Nc3 Bf5 5. Bd3 Bg4 6. O-O Bg7 7. Bb5+ c6 8.
Ba4 O-O 9. d5 cxd5 10. exd5 Nbd7 11. Bg5 Ne5 12. Nxe5 Bxd1 13. Nxd1 Ne4 14.
Nd3 Nxg5 15. c4 Qa5 16. Nc3 Bxc3 17. bxc3 Qxa4 18. Nb2 Qc2 19. Nd1 Qe4 20.
Rb1 Qxb1 21. Ne3 Qe4 22. c5 Nh3+ 23. Kh1 f5 24. cxd6 exd6 25. Re1 Nxf2+ 26.
Kg1 Nd3 27. Re2 Nf4 28. Re1 Rae8 29. Kf2 Nd3+ 30. Ke2 Qxe3+ 31. Kd1 Qxe1+
32. Kc2 Re3 33. Kb3 Qb1+ 34. Kc4 Rc8+ 35. Kd4 Re4# { White checkmated } 0-1

[Event "ICC tourney 2359 (30 5)"]
[Site "Internet Chess Club"]
[Date "2021.01.31"]
[Round "2"]
[White "Goofymammoth"]
[Black "googlethecat"]
[Result "1-0"]
[ICCResult "Black checkmated"]
[WhiteElo "1254"]
[BlackElo "1123"]
[Opening "Sicilian defense"]
[ECO "B20"]
[NIC "SI.48"]
[Time "12:00:29"]
[PlyCount "59"]
[TimeControl "1800+5"]

1. e4 c5 2. b3 d6 3. Bb2 e6 4. Bb5+ Nd7 5. f4 a6 6. Bxd7+ Bxd7 7. Nf3 Nf6
8. Nc3 Bc6 9. d3 Be7 10. O-O O-O 11. Qe2 b5 12. a3 Qb6 13. Kh1 Rfd8 14. b4
cxb4 15. axb4 d5 16. exd5 Nxd5 17. Nxd5 Bxd5 18. Bd4 Qc6 19. Ne5 Qb7 20.
Bc3 Rac8 21. Ra3 Bf6 22. Qg4 Bxe5 23. Bxe5 g6 24. Rf2 Qe7 25. Rxa6 Qxb4 26.
Ra1 Ra8 27. Rff1 Ra2 28. Qh4 Rda8 29. Qf6 Qf8 30. Qh8# { Black checkmated }
1-0

[Event "ICC tourney 2359 (30 5)"]
[Site "Internet Chess Club"]
[Date "2021.01.31"]
[Round "2"]
[White "adokianos"]
[Black "Andrew588"]
[Result "1-0"]
[ICCResult "Black checkmated"]
[WhiteElo "1216"]
[BlackElo "1003"]
[Opening "Queen's pawn: London system"]
[ECO "A45"]
[NIC "QP.07"]
[Time "12:01:13"]
[PlyCount "49"]
[TimeControl "1800+5"]

1. d4 Nf6 2. Bf4 d6 3. e3 g6 4. Nf3 Bg7 5. c3 Bg4 6. h3 Bf5 7. Nbd2 Nbd7 8.
Be2 e5 9. dxe5 dxe5 10. Nxe5 Ne4 11. Ndf3 Bxe5 12. Bxe5 Nxe5 13. Nxe5 Qh4
14. Qa4+ c6 15. O-O-O Nxf2 16. Qxh4 Nxh1 17. Rxh1 f6 18. Qxf6 Rf8 19. Qd6
Rd8 20. Qb4 c5 21. Qb5+ Ke7 22. Qxb7+ Ke8 23. Bb5+ Bd7 24. Bxd7+ Rxd7 25.
Qxd7# { Black checkmated } 1-0

[Event "ICC tourney 2359 (30 5)"]
[Site "Internet Chess Club"]
[Date "2021.01.31"]
[Round "2"]
[White "ModaGoat30"]
[Black "IsabellaRita"]
[Result "0-1"]
[ICCResult "White checkmated"]
[WhiteElo "700"]
[BlackElo "925"]
[Opening "French defense"]
[ECO "C00"]
[NIC "FR.01"]
[Time "12:01:01"]
[PlyCount "48"]
[TimeControl "1800+5"]

1. e4 e6 2. Nc3 b6 3. Nf3 Bb7 4. g3 Bb4 5. Bg2 Ne7 6. O-O O-O 7. a3 Bxc3 8.
dxc3 f5 9. exf5 Nxf5 10. Bg5 Qe8 11. Bf4 c5 12. Ne5 Bxg2 13. Kxg2 Qd8 14.
Qf3 Nc6 15. Nxc6 dxc6 16. Qxc6 Re8 17. Rad1 Qf6 18. Rd2 Rac8 19. Qb7 e5 20.
Be3 Nd6 21. Qxa7 Nc4 22. Rd7 Rf8 23. b3 Nxe3+ 24. fxe3 Qxf1# { White
checkmated } 0-1

[Event "ICC tourney 2359 (30 5)"]
[Site "Internet Chess Club"]
[Date "2021.01.31"]
[Round "2"]
[White "RoPro1000"]
[Black "Tyler08"]
[Result "1-0"]
[ICCResult "Black checkmated"]
[WhiteElo "847"]
[BlackElo "668"]
[Opening "Queen's pawn game, Chigorin variation"]
[ECO "D02"]
[NIC "QP.08"]
[Time "12:01:13"]
[PlyCount "51"]
[TimeControl "1800+5"]

1. d4 d5 2. Nf3 Nc6 3. e3 Bf5 4. Bd3 e6 5. O-O Nf6 6. Nc3 Bg4 7. h3 Bxf3 8.
Qxf3 e5 9. Bb5 a6 10. Bxc6+ bxc6 11. dxe5 Nd7 12. e4 Bc5 13. Be3 Qe7 14.
Bxc5 Nxc5 15. exd5 Qxe5 16. Rfe1 Ne4 17. Rxe4 Qxe4 18. Qxe4+ Kd8 19. dxc6
Kc8 20. Qg4+ Kb8 21. Qxg7 Ka7 22. Nd5 Rhd8 23. Qxf7 Rac8 24. Nxc7 Rf8 25.
Nb5+ Kb8 26. Qa7# { Black checkmated } 1-0

[Event "ICC tourney 2359 (30 5)"]
[Site "Internet Chess Club"]
[Date "2021.01.31"]
[Round "2"]
[White "wteitelbaum"]
[Black "Peanutbutter222"]
[Result "0-1"]
[ICCResult "White checkmated"]
[WhiteElo "998"]
[BlackElo "1204"]
[Opening "Sicilian"]
[ECO "B50"]
[NIC "SI.01"]
[Time "12:00:37"]
[PlyCount "60"]
[TimeControl "1800+5"]

1. e4 c5 2. Nf3 d6 3. c3 e6 4. d4 cxd4 5. cxd4 Nf6 6. Nc3 Nc6 7. Bb5 Bd7 8.
O-O Be7 9. Be3 O-O 10. e5 dxe5 11. dxe5 Ng4 12. Bxc6 Bxc6 13. Qe2 Bxf3 14.
Qxf3 Nxe5 15. Qxb7 Qd7 16. Qe4 Bf6 17. Rad1 Qc7 18. Bf4 Qc5 19. Bxe5 Qxe5
20. Qxe5 Bxe5 21. Na4 Rfd8 22. g3 h6 23. f4 Bc7 24. Kf2 Bb6+ 25. Kf3 Kf8
26. Ke4 f5+ 27. Ke5 Ke7 28. Nxb6 axb6 29. a3 Ra5+ 30. Rd5 Raxd5# { White
checkmated } 0-1

[Event "ICC tourney 2359 (30 5)"]
[Site "Internet Chess Club"]
[Date "2021.01.31"]
[Round "2"]
[White "TolgaE"]
[Black "WDSTJ1"]
[Result "0-1"]
[ICCResult "White checkmated"]
[WhiteElo "1005"]
[BlackElo "823"]
[Opening "Sicilian: Smith-Morra gambit"]
[ECO "B21"]
[NIC "SI.48"]
[Time "12:00:54"]
[PlyCount "88"]
[TimeControl "1800+5"]

1. e4 c5 2. d4 cxd4 3. c3 e5 4. cxd4 exd4 5. Qxd4 Nc6 6. Qa4 Nf6 7. Nc3 g6
8. Nf3 Bg7 9. Be2 O-O 10. O-O d6 11. h3 Bd7 12. Bg5 h6 13. Bh4 Ne5 14. Qd4
Nxf3+ 15. Bxf3 Rc8 16. Qxd6 g5 17. Bg3 g4 18. hxg4 Nxg4 19. Bxg4 Bxg4 20.
Qxd8 Rcxd8 21. f3 Be6 22. Bh2 Rd2 23. Rf2 Bd4 24. Bg3 Bxf2+ 25. Bxf2 Rxb2
26. Kh2 Rxf2 27. Kg3 Rc2 28. Nd5 Bxd5 29. exd5 Kh8 30. Rh1 Rg8+ 31. Kf4 Kh7
32. d6 Rc4+ 33. Ke5 Re8+ 34. Kd5 Rc2 35. g4 Rd2+ 36. Kc5 Rd8 37. g5 R8xd6
38. f4 Rc6+ 39. Kb4 Rb2+ 40. Ka3 Rb5 41. Ka4 Rbb6 42. a3 Rc4+ 43. Ka5 Rxf4
44. a4 Rf5# { White checkmated } 0-1

[Event "ICC tourney 2359 (30 5)"]
[Site "Internet Chess Club"]
[Date "2021.01.31"]
[Round "2"]
[White "slayer76"]
[Black "Em555"]
[Result "1-0"]
[ICCResult "Black checkmated"]
[WhiteElo "800"]
[BlackElo "937"]
[Opening "Konstantinopolsky opening"]
[ECO "C44"]
[NIC "KP.10"]
[Time "12:00:55"]
[PlyCount "117"]
[TimeControl "1800+5"]

1. e4 e5 2. Nf3 Nc6 3. g3 Bc5 4. Bg2 d6 5. O-O Bg4 6. d3 Nf6 7. Nbd2 Nd4 8.
c3 Ne6 9. Qc2 O-O 10. b4 Bb6 11. d4 Re8 12. dxe5 dxe5 13. Nxe5 Nh5 14. Nxg4
Qg5 15. Ne3 Bxe3 16. fxe3 Qxe3+ 17. Rf2 Qe1+ 18. Rf1 Qe3+ 19. Kh1 Qh6 20.
Rf3 Ng5 21. Nf1 Qg6 22. Bxg5 Qxg5 23. Qb3 Qg6 24. c4 Rxe4 25. c5 Rae8 26.
Rxf7 Qxf7 27. Qxf7+ Kxf7 28. Bxe4 Rxe4 29. h3 Re2 30. g4 Nf4 31. h4 Kf6 32.
g5+ Kf5 33. Ng3+ Kg4 34. Nxe2 Nxe2 35. Re1 Ng3+ 36. Kh2 Nf5 37. Rg1+ Kxh4
38. g6 hxg6 39. Rxg6 b6 40. cxb6 axb6 41. a4 Kh5 42. Rc6 g5 43. Rxc7 Kh4
44. Rh7+ Kg4 45. a5 bxa5 46. bxa5 Nd6 47. a6 Nc4 48. a7 Nb6 49. Rb7 Kh4 50.
Rxb6 g4 51. Rh6+ Kg5 52. Rb6 Kf4 53. a8=Q g3+ 54. Kg2 Kg4 55. Rb4+ Kh5 56.
Qa5+ Kg6 57. Rb6+ Kg7 58. Qa7+ Kh8 59. Rb8# { Black checkmated } 1-0

[Event "ICC tourney 2359 (30 5)"]
[Site "Internet Chess Club"]
[Date "2021.01.31"]
[Round "2"]
[White "SABXMSROB1"]
[Black "LuckyDuck3"]
[Result "1-0"]
[ICCResult "Black checkmated"]
[WhiteElo "1132"]
[BlackElo "554"]
[Opening "French defense"]
[ECO "C00"]
[NIC "FR.01"]
[Time "12:00:30"]
[PlyCount "111"]
[TimeControl "1800+5"]

1. e4 e6 2. Nf3 d5 3. exd5 exd5 4. d4 Nf6 5. Bg5 Nbd7 6. Nc3 c6 7. Ne5 h6
8. Qe2 Be7 9. Bxf6 gxf6 10. Nf3 b5 11. Qd2 Bb7 12. Bd3 Qb6 13. O-O O-O-O
14. Rfe1 Bb4 15. a3 Bxc3 16. Qxc3 c5 17. Bf5 c4 18. a4 a6 19. a5 Qc6 20.
Re7 Rhf8 21. Qb4 Kb8 22. Rxd7 Rxd7 23. Bxd7 Qxd7 24. Qxf8+ Kc7 25. Qc5+ Qc6
26. Qxc6+ Bxc6 27. Re1 Kd6 28. c3 h5 29. Nh4 Kc7 30. Re7+ Kd6 31. Rxf7 Ke6
32. Rh7 Be8 33. Ra7 f5 34. Rxa6+ Kd7 35. Nxf5 Kc7 36. Rd6 Bd7 37. Rxd5 Kc6
38. Rd6+ Kc7 39. a6 Bxf5 40. a7 Be4 41. Rh6 Kb7 42. Rxh5 Kxa7 43. Rxb5 Bd3
44. Rc5 Ka6 45. h4 Kb6 46. g4 Ka6 47. f4 Kb6 48. f5 Ka6 49. h5 Kb6 50. h6
Ka6 51. h7 Be2 52. h8=Q Bxg4 53. Qf6+ Kb7 54. Qc6+ Ka7 55. Ra5+ Kb8 56.
Ra8# { Black checkmated } 1-0

[Event "ICC tourney 2359 (30 5)"]
[Site "Internet Chess Club"]
[Date "2021.01.31"]
[Round "2"]
[White "sloanman"]
[Black "m2021chessusa"]
[Result "1/2-1/2"]
[ICCResult "Game drawn by mutual agreement"]
[WhiteElo "935"]
[BlackElo "722"]
[Opening "French: Marshall variation"]
[ECO "C10"]
[NIC "FR.04"]
[Time "12:01:00"]
[PlyCount "60"]
[TimeControl "1800+5"]

1. d4 e6 2. e4 d5 3. Nc3 c5 4. f4 dxe4 5. dxc5 Qxd1+ 6. Kxd1 Bxc5 7. Nxe4
Bb6 8. Nf3 Nc6 9. Bb5 Bd7 10. Nd6+ Ke7 11. Ne4 a6 12. Ba4 Rc8 13. c3 Nh6
14. h3 Nf5 15. Ke2 Rhd8 16. g4 Nd6 17. Nxd6 Kxd6 18. Be3 Bxe3 19. Kxe3 Ke7
20. Rad1 Na5 21. Bxd7 Rxd7 22. Ne5 Rxd1 23. Rxd1 Nc4+ 24. Nxc4 Rxc4 25. Rd4
Rc8 26. a4 f6 27. c4 b6 28. b4 Rc7 29. Ke4 g6 30. h4 h6 { Game drawn by
mutual agreement } 1/2-1/2

[Event "ICC tourney 2359 (30 5)"]
[Site "Internet Chess Club"]
[Date "2021.01.31"]
[Round "2"]
[White "Winter320"]
[Black "divijdogra"]
[Result "0-1"]
[ICCResult "White resigns"]
[WhiteElo "977"]
[BlackElo "1136"]
[Opening "French: advance variation"]
[ECO "C02"]
[NIC "FR.03"]
[Time "12:00:25"]
[PlyCount "44"]
[TimeControl "1800+5"]

1. e4 e6 2. d4 d5 3. e5 c5 4. c3 Nc6 5. Bg5 Qxg5 6. Nf3 Qd8 7. Bd3 Qb6 8.
Nbd2 Bd7 9. O-O cxd4 10. cxd4 Nxd4 11. Nb3 Nxb3 12. axb3 Bc5 13. Qc2 Rc8
14. Qd1 Ne7 15. Rc1 Bb5 16. Qd2 Bxd3 17. Qxd3 Bxf2+ 18. Kh1 Rxc1 19. Rxc1
O-O 20. Ng5 Ng6 21. Qe2 Be3 22. Nf3 Bxc1 { White resigns } 0-1

[Event "ICC tourney 2359 (30 5)"]
[Site "Internet Chess Club"]
[Date "2021.01.31"]
[Round "2"]
[White "alexplaysyt2"]
[Black "Kingston13"]
[Result "1-0"]
[ICCResult "Black checkmated"]
[WhiteElo "1283"]
[BlackElo "1014"]
[Opening "Two knights defense (Modern bishop's opening)"]
[ECO "C55"]
[NIC "IG.01"]
[Time "12:01:02"]
[PlyCount "121"]
[TimeControl "1800+5"]

1. e4 e5 2. Nf3 Nc6 3. Bc4 Nf6 4. d3 h6 5. O-O Be7 6. c3 O-O 7. Re1 d6 8.
Nbd2 Bg4 9. h3 Bh5 10. Nf1 Bg6 11. Ng3 a6 12. a4 Na5 13. Ba2 c6 14. b4 b6
15. bxa5 bxa5 16. Bc4 d5 17. exd5 cxd5 18. Bb3 Bd6 19. Nxe5 Bh7 20. d4 Qc8
21. Bd2 Bxe5 22. dxe5 Nd7 23. Bxd5 Ra7 24. c4 Nb6 25. Qf3 Nxd5 26. cxd5 Re7
27. Bxa5 Bg6 28. Bb4 Rb7 29. Bxf8 Qxf8 30. e6 Re7 31. exf7+ Rxf7 32. Qe3
Rf6 33. Qe7 Qa8 34. d6 Kh7 35. d7 Qa7 36. Qe3 Qxd7 37. Rad1 Qxa4 38. Qd4
Qc6 39. Ne4 Rf4 40. f3 a5 41. Qd6 Qb7 42. Qxf4 Qb6+ 43. Qe3 Qb2 44. Qd2
Qb6+ 45. Kh1 Qe6 46. Qxa5 Qe7 47. Qd5 Qh4 48. Qd2 Bf5 49. Qf2 Qh5 50. Ng3
Qh4 51. Rd2 Bg6 52. f4 Qf6 53. f5 Bf7 54. Ne4 Qc6 55. f6 g6 56. Ng3 Qa6 57.
Re7 Qa1+ 58. Qf1 Qxf1+ 59. Nxf1 Kg8 60. Rd8+ Be8 61. Rdxe8# { Black
checkmated } 1-0